 Dungeon Crawl Stone Soup version 0.30.0-21-gd299b56b3f (webtiles) character file.

Game seed: 14023298598716240539

1238 qw the Chopper (level 8, 0/50 HPs)
             Began as a Gargoyle Fighter on June 2, 2023.
             Slain by a gnoll bouda
             ... wielding a +0 whip
              (2 damage)
             ... on level 6 of the Dungeon.
             The game lasted 00:02:18 (4337 turns).

qw the Chopper (Gargoyle Fighter)                   Turns: 4337, Time: 00:02:19

Health: 0/50       AC: 19    Str: 25    XL:     8   Next: 49%
Magic:  8/8        EV:  4    Int:  9    God:
Gold:   209        SH:  0    Dex:  9    Spells: 7/7 levels left

rFire   . . .        e - +4 war axe "Karch" {heavy, Str+3}
rCold   . . .        c - +0 buckler
rNeg    + . .        f - +0 plate armour
rPois   inf          m - +0 helmet
rElec   +            (no cloak)
rCorr   .            (no gloves)
SInv    +            (no boots)
Will    ++...        (no amulet) Stlth
                     p - ring of Nugarim {Will+ SInv}
HPRegen 0.28/turn    (no ring)
MPRegen 0.11/turn

%: clarity
@: weakened, held
A: sickness immunity, AC +5, negative energy resistance 1, electricity
resistance, torment resistance 1, petrification resistance, clarity,
strong-willed 1, shaggy fur 1
a: no special abilities


You were on level 6 of the Dungeon.
You visited 1 branch of the dungeon, and saw 6 of its levels.

You collected 209 gold pieces.


Innate Abilities, Weirdness & Mutations

You are immune to sickness and miasma.
Your stone body is resilient. (AC +5)
You are immune to poison.
You resist negative energy. (rN+)
You are resistant to electric shocks. (rElec)
You are resistant to unholy torment.
You are immune to petrification.
You possess an exceptional clarity of mind.
You are strong-willed. (Will+)
You are covered in fur. (AC +1)


   Skills:
 - Level 5.6 Fighting
 + Level 7.7 Axes
 - Level 1.4 Throwing
 - Level 4.2 Armour
 - Level 1.2 Dodging
 - Level 3.2 Shields


You had 7 spell levels left.
You didn't know any spells.
Your spell library was empty.

Inventory:

Hand Weapons
 e - the +4 war axe "Karch" (weapon) {heavy, Str+3}
   (You found it on level 2 of the Dungeon)

   Str:       It affects your strength (+3).
 j - a +0 flail
Missiles
 i - a boomerang (quivered)
Armour
 b - a +3 scale mail of fire resistance
 c - a +0 buckler (worn)
 f - a +0 plate armour (worn)
 m - a +0 helmet (worn)
Jewellery
 p - the ring of Nugarim (left hand) {Will+ SInv}
   (You found it on level 4 of the Dungeon)

   [ring of willpower]

   SInv:      It lets you see invisible.
   Will:      It increases your willpower.
Scrolls
 a - a scroll of identify
Potions
 d - a potion of might
 g - a potion of haste
 k - a potion of attraction
 l - a potion of lignification
 o - a potion of mutation

Dungeon Overview and Level Annotations

Branches:
Dungeon (6/15)
 Temple: D:4-7

Altars:


Message History

You feel as though you will be weak longer.
The gnoll bouda hits you with a +0 whip.
The gnoll hits you but does no damage. The gnoll barely misses you.
The gnoll bouda hits you with a +0 whip!
The gnoll hits you but does no damage.
The gnoll bouda hits you but does no damage.
The gnoll is no longer moving quickly. x2
The gnoll hits you but does no damage.
The gnoll bouda barks out a call to the hunt!
The gnolls pick up the pace!
The gnoll bouda calls upon its god to heal the gnoll.
The gnoll's wounds heal themselves!
The gnoll hits you with a +0 whip.
You struggle against the net.
The gnoll bouda barely misses you. The gnoll hits you but does no damage.
The gnoll bouda hits you but does no damage.
The gnoll barely misses you.
The gnoll bouda hits you with a +0 whip.
The gnoll hits you but does no damage.
The gnoll bouda gazes fiercely through you!
You feel as though you will be weak longer.
The gnoll bouda hits you but does no damage.
The gnoll hits you with a +0 whip. The gnoll hits you with a +0 whip!
The gnoll bouda hits you but does no damage.
The gnoll is no longer moving quickly.
The gnoll bouda barks out a call to the hunt!
The gnoll picks up the pace!
The gnoll hits you but does no damage.
The white imp lashes its tail.
The gnoll bouda hits you but does no damage.
The gnoll hits you but does no damage.
The gnoll bouda hits you with a +0 whip.
The gnoll hits you but does no damage.
The gnoll bouda hits you with a +0 whip.
The gnoll barely misses you. The gnoll bouda barely misses you.
The gnoll hits you but does no damage.
The gnoll is no longer moving quickly.
The gnoll hits you with a +0 whip.
The gnoll bouda hits you with a +0 whip.
You die...

<..#.........#
#.........#
#.........#
#.........#
##.##.#..##
#.##.#..##
#.##.....#
#######.## #@#


#lg5gg# #.g#### ..'. ..# } You could see a gnoll bouda, an iguana, 3 gnolls and
a white imp.

Vanquished Creatures
  Grinder (D:4)
  A black bear (D:5)
  2 ice beasts (D:5)
  3 scorpions
  3 orc priests
  2 jellies
  A hound (D:5)
  An iguana (D:4)
  Ijyb (D:3)
  3 orc wizards
  Robin (D:3)
  9 adders
  2 gnolls
  A white imp (D:5)
  3 ufetubi
  4 dart slugs
  2 worms
  22 orcs
  13 ball pythons
  5 endoplasms
  5 giant cockroaches
  11 goblins
  12 hobgoblins
  13 jackals
  6 quokkas
  4 bats
  4 frilled lizards
  5 kobolds
  5 rats
145 creatures vanquished.

Notes
Turn   | Place    | Note
-------+----------+-------------------------------------------
     0 | D:1      | qw the Gargoyle Fighter began the quest for the Orb.
     0 | D:1      | Reached XP level 1. HP: 14/14 MP: 1/1
     0 | D:1      | 0 ||| qw: Version: 0.2-a-102-gdf20003
     0 | D:1      | 0 ||| qw: Game counter: 859
     0 | D:1      | 0 ||| qw: Always use a shield: true
     0 | D:1      | 0 ||| qw: God list: Okawaru
     0 | D:1      | 0 ||| qw: Allow faded altars: false
     0 | D:1      | 0 ||| qw: Do Orc after D:15 true
     0 | D:1      | 0 ||| qw: Do second Lair branch before Depths: true
     0 | D:1      | 0 ||| qw: Lair rune preference: random
     0 | D:1      | 0 ||| qw: Plans: Normal, Zot:1-4, Slime:5, God:TSO, Crypt,
                  | Tomb, Pan, Hells, Abyss, Win
     0 | D:1      | 0 ||| PLANNING D:1-11
    42 | D:1      | Reached skill level 2 in Axes
   158 | D:1      | 158 ||| Stepping ~*~*~tactically~*~*~ (hiding).
   164 | D:1      | Reached XP level 2. HP: 19/19 MP: 2/2
   237 | D:1      | 237 ||| Stepping ~*~*~tactically~*~*~ (stealth).
   238 | D:1      | 238 ||| Stepping ~*~*~tactically~*~*~ (stealth).
   592 | D:1      | 592 ||| READING 3 scrolls labelled HOGYKOEQUPH.
   593 | D:1      | 593 ||| READING scroll labelled VADDAN WIVE.
   594 | D:1      | 594 ||| READING scroll labelled QATSEIXIEMP.
   595 | D:1      | 595 ||| READING scroll labelled XOADGH ESOVO.
   596 | D:1      | 596 ||| READING 2 scrolls of identify.
   596 | D:1      | 596 ||| IDENTIFYING fizzy coppery potion
   597 | D:1      | 597 ||| DROPPING potion of berserk rage.
   656 | D:2      | Reached skill level 3 in Axes
   659 | D:2      | 659 ||| STAIRDANCE
   723 | D:2      | Reached XP level 3. HP: 23/23 MP: 3/3
   733 | D:2      | Identified the +4 war axe "Karch" {heavy, Str+3}
   735 | D:2      | 735 ||| SWAPPING to +4 war axe "Karch" {heavy, Str+3}.
   736 | D:2      | 736 ||| DROPPING +0 war axe.
   870 | D:2      | Reached XP level 4. HP: 23/28 MP: 4/4
   903 | D:2      | Reached skill level 4 in Axes
  1337 | D:2      | 1337 ||| READING scroll labelled COOMNILYEL.
  1438 | D:2      | 1438 ||| READING scroll labelled LUASEG MEEDAL.
  1439 | D:2      | 1439 ||| READING 3 scrolls of identify.
  1439 | D:2      | 1439 ||| IDENTIFYING silvery potion
  1483 | D:3      | 1483 ||| Stepping ~*~*~tactically~*~*~ (stealth).
  1484 | D:3      | 1484 ||| Stepping ~*~*~tactically~*~*~ (stealth).
  1494 | D:3      | Reached XP level 5. HP: 21/32 MP: 5/5
  1506 | D:3      | HP: 8/32 [something (2)]
  1512 | D:3      | Reached skill level 5 in Axes
  1670 | D:3      | 1670 ||| DROPPING +0 club.
  1671 | D:3      | 1671 ||| DROPPING +0 mace.
  1718 | D:3      | 1718 ||| Stepping ~*~*~tactically~*~*~ (stealth).
  1768 | D:3      | Noticed Ijyb
  1773 | D:3      | Killed Ijyb
  1774 | D:3      | Reached skill level 1 in Dodging
  2021 | D:3      | 2021 ||| Stepping ~*~*~tactically~*~*~ (stealth).
  2023 | D:3      | 2023 ||| Stepping ~*~*~tactically~*~*~ (hiding).
  2026 | D:3      | 2026 ||| Stepping ~*~*~tactically~*~*~ (stealth).
  2027 | D:3      | 2027 ||| Stepping ~*~*~tactically~*~*~ (stealth).
  2066 | D:3      | Noticed Robin
  2072 | D:3      | Killed Robin
  2073 | D:3      | Reached XP level 6. HP: 32/38 MP: 6/6
  2083 | D:3      | 2083 ||| Stepping ~*~*~tactically~*~*~ (stealth).
  2113 | D:3      | 2113 ||| Stepping ~*~*~tactically~*~*~ (stealth).
  2198 | D:3      | 2198 ||| FLEEEEING.
  2207 | D:3      | 2207 ||| FLEEEEING.
  2208 | D:3      | 2208 ||| FLEEEEING.
  2209 | D:3      | 2209 ||| FLEEEEING.
  2212 | D:3      | 2212 ||| FLEEEEING.
  2213 | D:3      | 2213 ||| FLEEEEING.
  2214 | D:3      | 2214 ||| FLEEEEING.
  2215 | D:3      | 2215 ||| FLEEEEING.
  2219 | D:3      | 2219 ||| FLEEEEING.
  2220 | D:3      | 2220 ||| FLEEEEING.
  2221 | D:3      | 2221 ||| FLEEEEING.
  2222 | D:3      | 2222 ||| FLEEEEING.
  2223 | D:3      | 2223 ||| FLEEEEING.
  2224 | D:3      | 2224 ||| FLEEEEING.
  2225 | D:3      | 2225 ||| FLEEEEING.
  2643 | D:3      | 2643 ||| UPGRADING to +0 plate armour.
  2653 | D:3      | 2653 ||| DROPPING +0 scale mail.
  2654 | D:3      | 2654 ||| UPGRADING to +0 helmet.
  2659 | D:3      | 2659 ||| READING scroll labelled VEIROI QIFRO.
  2664 | D:3      | 2664 ||| READING 2 scrolls of identify.
  2664 | D:3      | 2664 ||| IDENTIFYING black potion
  2954 | D:4      | 2954 ||| Stepping ~*~*~tactically~*~*~ (hiding).
  2959 | D:4      | 2959 ||| Stepping ~*~*~tactically~*~*~ (stealth).
  2997 | D:4      | Identified the ring of Nugarim {Will+ SInv}
  3087 | D:4      | Reached skill level 6 in Axes
  3087 | D:4      | Reached XP level 7. HP: 43/43 MP: 7/7
  3093 | D:4      | Noticed Grinder
  3094 | D:4      | 3094 ||| Stepping ~*~*~tactically~*~*~ (hiding).
  3101 | D:4      | Paralysed by Grinder for 5 turns
  3110 | D:4      | 3110 ||| FLEEEEING.
  3111 | D:4      | 3111 ||| FLEEEEING.
  3123 | D:4      | 3123 ||| Stepping ~*~*~tactically~*~*~ (hiding).
  3133 | D:4      | 3133 ||| Stepping ~*~*~tactically~*~*~ (hiding).
  3139 | D:4      | Killed Grinder
  3140 | D:4      | Reached skill level 7 in Axes
  3621 | D:4      | 3621 ||| UPGRADING to ring of Nugarim {Will+ SInv}.
  3622 | D:4      | 3622 ||| READING 2 scrolls labelled RIEHEA ZUHA.
  3623 | D:4      | 3623 ||| DRINKING 2 fizzy white potions.
  3623 | D:4      | Gained mutation: You possess an exceptional clarity of
                  | mind. [potion of mutation]
  3623 | D:4      | Gained mutation: You are covered in fur. (AC +1) [potion of
                  | mutation]
  3623 | D:4      | Gained mutation: You are strong-willed. (Will+) [potion of
                  | mutation]
  3624 | D:4      | 3624 ||| READING 2 scrolls of identify.
  3624 | D:4      | 3624 ||| IDENTIFYING bubbling emerald potion
  3625 | D:4      | 3625 ||| DROPPING scroll of noise.
  3638 | D:5      | Entered Level 5 of the Dungeon
  3648 | D:5      | Reached XP level 8. HP: 41/50 MP: 8/8
  3718 | D:5      | Reached skill level 1 in Throwing
  3928 | D:5      | 3928 ||| Stepping ~*~*~tactically~*~*~ (stealth).
  3988 | D:5      | 3988 ||| Stepping ~*~*~tactically~*~*~ (stealth).
  3990 | D:5      | 3990 ||| Stepping ~*~*~tactically~*~*~ (hiding).
  4257 | D:5      | 4257 ||| DRINKING 3 lumpy silvery potions.
  4258 | D:5      | 4258 ||| READING 2 scrolls of identify.
  4258 | D:5      | 4258 ||| IDENTIFYING smoky pink potion
  4259 | D:5      | 4259 ||| DROPPING potion of magic.
  4260 | D:5      | 4260 ||| DROPPING 2 potions of brilliance.
  4299 | D:6      | 4299 ||| Stepping ~*~*~tactically~*~*~ (stealth).
  4301 | D:6      | 4301 ||| Stepping ~*~*~tactically~*~*~ (hiding).
  4302 | D:6      | 4302 ||| Stepping ~*~*~tactically~*~*~ (hiding).
  4303 | D:6      | 4303 ||| Stepping ~*~*~tactically~*~*~ (hiding).
  4305 | D:6      | 4305 ||| FLEEEEING.
  4316 | D:6      | 4316 ||| READING scroll labelled JAUJUI SOMEIPE.
  4331 | D:6      | HP: 8/50 [gnoll/+0 whip[a gnoll bouda] (7)]
  4337 | D:6      | HP: 2/50 [gnoll/+0 whip[a gnoll bouda] (3)]
  4337 | D:6      | Slain by a gnoll bouda

Levels and vault maps discovered:
D:1:      dpeg_arrival_connections, layout_rooms
D:2:      layout_rooms, kennysheep_potato
D:3:      layout_loops_corners, kennysheep_cluttered_room, uniq_ijyb, uniq_robin
D:4:      layout_basic, serial_curves, eino_curves_04, eino_curves_02,
          uniq_grinder
D:5:      layout_rooms
D:6:      layout_loops_cross, minmay_temple_entry_trees, st_stairs_9,
          minmay_fountain_box, nicolae_shop_fire_sale [nicolae_sub_dead_trees],
          chequers_serial_rivers_marsh, nrook_uturn, nicolae_shop_gadgets,
          uniq_crazy_yiuf_cottage

Skill      XL: |  1  2  3  4  5  6  7  8 |
---------------+-------------------------+-----
Axes           | 2 3 4 5 6 7 |  7.7
Dodging        | 1 |  1.2
Fighting       | 4 5 |  5.6
Armour         | 4 |  4.2
Throwing       | 1 |  1.4
Shields        | |  3.2

Action                     |  1- 3 |  4- 6 |  7- 9 || total
---------------------------+-------+-------+-------++-------
  Melee: War axe           |    88 |   137 |    54 ||   279
  Throw: Boomerang         |       |    49 |    19 ||    68
    Use: Scroll            |     5 |     5 |     4 ||    14
         Potion            |       |       |     2 ||     2
 Armour: Scale mail        |    54 |    72 |       ||   126
         Plate armour      |       |    31 |    71 ||   102
  Dodge: Dodged            |    51 |    54 |    18 ||   123
  Block: Buckler           |    23 |    26 |     9 ||    58

Table legend:
 A = Non-vault XP
 B = Vault XP
 C = Vault XP percentage of total XP
 D = Non-vault monster count
 E = Vault monster count
 F = Vault count percentage of total count
                 A         B        C        D         E       F
            +---------+---------+-------+---------+---------+-------
      Total |    1402 |     367 |  20.7 |     129 |      16 |  11.0
            +---------+---------+-------+---------+---------+-------
        D:1 |      28 |       0 |   0.0 |      16 |       0 |   0.0
        D:2 |      92 |      31 |  25.2 |      29 |       3 |   9.4
        D:3 |     195 |      69 |  26.1 |      32 |      12 |  27.3
        D:4 |     283 |     267 |  48.5 |      24 |       1 |   4.0
        D:5 |     748 |       0 |   0.0 |      26 |       0 |   0.0
        D:6 |      56 |       0 |   0.0 |       2 |       0 |   0.0
            +---------+---------+-------+---------+---------+-------
